| TOP OF THE 1ST |
|
Batavia Muckdogs batting - Pitching for Williamsport Crosscutters : LHP Drew Roemer
|
|
Pitching: LHP Drew Roemer
|
|
|
Batting: SHB Justin Corbett
|
0-0: Ball 1-0: Ground out 6-3 (Groundball, 6, EV 91.2 MPH)
|
|
Batting: RHB George Boivin
|
0-0: Called Strike 0-1: Swinging Strike 0-2: Strikes out looking
|
|
Batting: SHB Greg Rivera
|
0-0: Ball 1-0: Ball 2-0: Fly out, F3 (Popup, 3DF, EV 54.4 MPH)
|
| Top of the 1st over - 0 runs, 0 hits, 0 errors, 0 left on base; Batavia 0 - Williamsport 0 |
| BOTTOM OF THE 1ST |
|
Williamsport Crosscutters batting - Pitching for Batavia Muckdogs : RHP Carlos Guerrero
|
|
Pitching: RHP Carlos Guerrero
|
|
|
Batting: RHB Xavier Castellanos
|
0-0: Ball 1-0: Swinging Strike 1-1: Swinging Strike 1-2: Foul Ball, location: 2F 1-2: Foul Ball, location: 2F 1-2: Foul Ball, location: 2F 1-2: Strikes out swinging
|
|
Batting: RHB Jason Ostrom
|
0-0: Ball 1-0: Foul Ball, location: 2F 1-1: Swinging Strike 1-2: Strikes out swinging
|
|
Batting: RHB John Manocchio
|
0-0: Ball 1-0: Foul Ball, location: 2F 1-1: Foul Ball, location: 2F 1-2: Fly out, F9 (Flyball, 89D, EV 74.4 MPH)
|
| Bottom of the 1st over - 0 runs, 0 hits, 0 errors, 0 left on base; Batavia 0 - Williamsport 0 |
| TOP OF THE 2ND |
|
Batavia Muckdogs batting - Pitching for Williamsport Crosscutters : LHP Drew Roemer
|
|
Batting: RHB Justin Dunham
|
0-0: Called Strike 0-1: Swinging Strike 0-2: Ball 1-2: Ball 2-2: Foul Ball, location: 2F 2-2: Ball 3-2: Fly out, F9 (Flyball, 9, EV 88.1 MPH)
|
|
Batting: RHB Reomel Somera
|
0-0: Ball 1-0: Ground out 6-3 (Groundball, 6, EV 98.1 MPH)
|
|
Batting: LHB Danny Treto
|
0-0: Ball 1-0: Called Strike 1-1: Called Strike 1-2: Hit by Pitch
|
|
Batting: RHB Andy Kelly
|
0-0: Ball 1-0: Ball 2-0: Ball 3-0: Called Strike 3-1: Base on Balls Danny Treto to second
|
|
Batting: RHB Hiromitsu Yamada
|
0-0: Called Strike 0-1: Foul Ball, location: 2F 0-2: Ball 1-2: Strikes out looking
|
| Top of the 2nd over - 0 runs, 0 hits, 0 errors, 2 left on base; Batavia 0 - Williamsport 0 |
| BOTTOM OF THE 2ND |
|
Williamsport Crosscutters batting - Pitching for Batavia Muckdogs : RHP Carlos Guerrero
|
|
Batting: RHB John Parra
|
0-0: Foul Ball, location: 2F 0-1: Ball 1-1: Foul Ball, location: 2F 1-2: Ball 2-2: Ground out U3 (Groundball, 34S, EV 85.0 MPH)
|
|
Batting: SHB Nick Chandler
|
0-0: Ball 1-0: Ball 2-0: Swinging Strike 2-1: Foul Ball, location: 2F 2-2: Strikes out swinging
|
|
Batting: LHB Chris Moody
|
0-0: Ball 1-0: Foul Ball, location: 2F 1-1: Called Strike 1-2: Foul Ball, location: 2F 1-2: SINGLE (Line Drive, 9LS, EV 100.0 MPH)
|
|
Batting: SHB Art Kent
|
0-0: Called Strike 0-1: Ground out 4-3 (Groundball, 4, EV 85.0 MPH)
|
| Bottom of the 2nd over - 0 runs, 1 hit, 0 errors, 1 left on base; Batavia 0 - Williamsport 0 |
| TOP OF THE 3RD |
|
Batavia Muckdogs batting - Pitching for Williamsport Crosscutters : LHP Drew Roemer
|
|
Batting: RHB Jeremy Dennis
|
0-0: Called Strike 0-1: Swinging Strike 0-2: Ball 1-2: Strikes out swinging
|
|
Batting: SHB Justin Corbett
|
0-0: Called Strike 0-1: Called Strike 0-2: Ball 1-2: Ball 2-2: Strikes out looking
|
|
Batting: RHB George Boivin
|
0-0: Swinging Strike 0-1: Ball 1-1: Swinging Strike 1-2: Ball 2-2: Strikes out looking
|
| Top of the 3rd over - 0 runs, 0 hits, 0 errors, 0 left on base; Batavia 0 - Williamsport 0 |
| BOTTOM OF THE 3RD |
|
Williamsport Crosscutters batting - Pitching for Batavia Muckdogs : RHP Carlos Guerrero
|
|
Batting: RHB Shintaro Katsumata
|
0-0: Ball 1-0: Called Strike 1-1: Called Strike 1-2: Ball 2-2: Ground out 6-3 (Groundball, 6, EV 85.6 MPH)
|
|
Batting: RHB Micah McErlean
|
0-0: Ball 1-0: Called Strike 1-1: Ball 2-1: Ground out 5-3 (Groundball, 5S, EV 76.9 MPH)
|
|
Batting: RHB Xavier Castellanos
|
0-0: Foul Ball, location: 2F 0-1: Ball 1-1: Ball 2-1: SINGLE (Groundball, 56D, EV 95.0 MPH)
|
|
Batting: RHB Jason Ostrom
|
0-0: Ball 1-0: Called Strike 1-1: Ball 2-1: Fly out, F6 (Line Drive, 6, EV 60.6 MPH)
|
| Bottom of the 3rd over - 0 runs, 1 hit, 0 errors, 1 left on base; Batavia 0 - Williamsport 0 |
| TOP OF THE 4TH |
|
Batavia Muckdogs batting - Pitching for Williamsport Crosscutters : LHP Drew Roemer
|
|
Batting: SHB Greg Rivera
|
0-0: Foul Ball, location: 2F 0-1: Ball 1-1: Foul Ball, location: 2F 1-2: Ball 2-2: Foul Ball, location: 2F 2-2: Strikes out swinging, 2-3 out at first.
|
|
Batting: RHB Justin Dunham
|
0-0: Ball 1-0: SINGLE (Groundball, 6MD, EV 95.0 MPH)
|
|
Batting: RHB Reomel Somera
|
0-0: Ball 1-0: Ball 2-0: Swinging Strike 2-1: Foul Ball, location: 2F 2-2: Strikes out swinging
|
|
Batting: LHB Danny Treto
|
0-0: Foul Ball, location: 2F 0-1: Ball 1-1: Ball 2-1: Swinging Strike 2-2: Hit by Pitch Justin Dunham to second
|
|
Batting: RHB Andy Kelly
|
0-0: Called Strike 0-1: Ball 1-1: Swinging Strike 1-2: Strikes out swinging
|
| Top of the 4th over - 0 runs, 1 hit, 0 errors, 2 left on base; Batavia 0 - Williamsport 0 |
| BOTTOM OF THE 4TH |
|
Williamsport Crosscutters batting - Pitching for Batavia Muckdogs : RHP Carlos Guerrero
|
|
Batting: RHB John Manocchio
|
0-0: Ball 1-0: Ball 2-0: Foul Ball, location: 2F 2-1: Foul Ball, location: 2F 2-2: SINGLE (Line Drive, 8LS, EV 90.0 MPH)
|
|
Batting: RHB John Parra
|
0-0: Ball 1-0: Foul Ball, location: 2F 1-1: Called Strike 1-2: Hit by Pitch John Manocchio to second
|
|
Batting: SHB Nick Chandler
|
0-0: SINGLE (Groundball, 6MD, EV 99.4 MPH) John Manocchio to third John Parra to second Runner from 3rd tries for Home, SAFE, throw by CF to home
|
|
Batting: LHB Chris Moody
|
0-0: Foul Ball, location: 2F 0-1: Called Strike 0-2: Ball Wild Pitch! John Parra to third Nick Chandler to second 1-2: Ball 2-2: Strikes out looking
|
|
Batting: SHB Art Kent
|
0-0: Ball 1-0: Ball 2-0: Ball 3-0: Base on Balls
|
|
Batting: RHB Shintaro Katsumata
|
0-0: Called Strike 0-1: Hit by Pitch John Parra scores Nick Chandler to third Art Kent to second
|
|
Batting: RHB Micah McErlean
|
0-0: Called Strike 0-1: Foul Ball, location: 2F 0-2: Ball Passed Ball! Nick Chandler scores Art Kent to third Shintaro Katsumata to second 1-2: Ball 2-2: Foul Ball, location: 2F 2-2: Ball 3-2: Ground out 6-3 (Groundball, 56, EV 81.2 MPH) Art Kent scores
|
|
Batting: RHB Xavier Castellanos
|
0-0: Ball 1-0: SINGLE (Flyball, 3D, EV 87.5 MPH) Shintaro Katsumata to third Runner from 3rd tries for Home, throw by RF and OUT! 9-2
|
| Bottom of the 4th over - 4 runs, 3 hits, 0 errors, 1 left on base; Batavia 0 - Williamsport 4 |
| TOP OF THE 5TH |
|
Batavia Muckdogs batting - Pitching for Williamsport Crosscutters : LHP Drew Roemer
|
|
Batting: RHB Hiromitsu Yamada
|
0-0: Called Strike 0-1: Swinging Strike 0-2: Ball 1-2: Foul Ball, location: 2F 1-2: Strikes out swinging
|
|
Batting: RHB Jeremy Dennis
|
0-0: Called Strike 0-1: Ball 1-1: Called Strike 1-2: Strikes out swinging
|
|
Batting: SHB Justin Corbett
|
0-0: Swinging Strike 0-1: DOUBLE (Line Drive, 9LM, EV 95.6 MPH)
|
|
Batting: RHB George Boivin
|
0-0: Foul Ball, location: 2F 0-1: Called Strike 0-2: Foul Ball, location: 2F 0-2: Hit by Pitch
|
|
Batting: SHB Greg Rivera
|
0-0: Foul Ball, location: 2F 0-1: Reached on error, E6 (Groundball, 6, EV 83.8 MPH) Justin Corbett to third George Boivin to second
|
|
Batting: RHB Justin Dunham
|
0-0: Called Strike 0-1: Ball 1-1: DOUBLE (Groundball, 5L, EV 94.4 MPH) Justin Corbett scores George Boivin scores Greg Rivera to third Runner from 3rd tries for Home, SAFE, throw by LF to home
|
|
Batting: RHB Reomel Somera
|
0-0: Called Strike 0-1: Called Strike 0-2: Ball 1-2: Strikes out swinging
|
| Top of the 5th over - 3 runs, 2 hits, 1 error, 1 left on base; Batavia 3 - Williamsport 4 |
| BOTTOM OF THE 5TH |
|
Williamsport Crosscutters batting - Pitching for Batavia Muckdogs : RHP Carlos Guerrero
|
|
Batting: RHB Jason Ostrom
|
0-0: Ball 1-0: SINGLE (Groundball, 6MD, EV 95.0 MPH)
|
|
Pitching: LHP Brian Worthy
|
|
|
Batting: RHB John Manocchio
|
0-0: Ball 1-0: Ball 2-0: Ball Jason Ostrom is caught stealing 2nd base 2-4 3-0: Called Strike 3-1: Base on Balls
|
|
Batting: RHB John Parra
|
0-0: Foul Ball, location: 2F 0-1: Ball 1-1: Called Strike 1-2: Strikes out swinging
|
|
Batting: SHB Nick Chandler
|
0-0: Called Strike 0-1: Ball 1-1: Foul Ball, location: 2F 1-2: Strikes out swinging
|
| Bottom of the 5th over - 0 runs, 1 hit, 0 errors, 1 left on base; Batavia 3 - Williamsport 4 |
| TOP OF THE 6TH |
|
Batavia Muckdogs batting - Pitching for Williamsport Crosscutters : LHP Drew Roemer
|
|
Batting: LHB Danny Treto
|
0-0: Ground out 1-3 (Groundball, 13S, EV 68.1 MPH)
|
|
Batting: RHB Andy Kelly
|
0-0: Ground out 6-3 (Groundball, 6S, EV 85.6 MPH)
|
|
Batting: RHB Hiromitsu Yamada
|
0-0: Called Strike 0-1: Called Strike 0-2: Ball 1-2: Ground out 2-3 (Groundball, 2R, EV 70.0 MPH)
|
| Top of the 6th over - 0 runs, 0 hits, 0 errors, 0 left on base; Batavia 3 - Williamsport 4 |
| BOTTOM OF THE 6TH |
|
Williamsport Crosscutters batting - Pitching for Batavia Muckdogs : LHP Brian Worthy
|
|
Batting: LHB Chris Moody
|
0-0: Ball 1-0: Foul Ball, location: 2F 1-1: Swinging Strike 1-2: Ball 2-2: Fly out, F5 (Popup, 5D, EV 43.1 MPH)
|
|
Batting: SHB Art Kent
|
0-0: Ball 1-0: Ball 2-0: Called Strike 2-1: Swinging Strike 2-2: SINGLE (Groundball, 6MD, EV 101.9 MPH)
|
|
Batting: RHB Shintaro Katsumata
|
0-0: SINGLE (Groundball, 56D, EV 103.8 MPH) Art Kent to second
|
|
Batting: RHB Micah McErlean
|
0-0: Ball 1-0: Ball 2-0: Swinging Strike 2-1: Fielders Choice at 2nd, 4-6 (Groundball, 34, EV 96.9 MPH) Art Kent to third
|
|
Batting: RHB Xavier Castellanos
|
0-0: Ball 1-0: Ground out 4-3 (Groundball, 34, EV 88.8 MPH)
|
| Bottom of the 6th over - 0 runs, 2 hits, 0 errors, 2 left on base; Batavia 3 - Williamsport 4 |
| TOP OF THE 7TH |
|
Batavia Muckdogs batting - Pitching for Williamsport Crosscutters : LHP Drew Roemer
|
|
Pitching: RHP David Deon
|
|
|
Batting: RHB Jeremy Dennis
|
0-0: Foul Ball, location: 2F 0-1: Ball 1-1: Ground out U3 (Groundball, 13, EV 83.8 MPH)
|
|
Batting: SHB Justin Corbett
|
0-0: Called Strike 0-1: Foul Ball, location: 2F 0-2: Ground out 4-3 (Groundball, 4, EV 110.0 MPH)
|
|
Batting: RHB George Boivin
|
0-0: Called Strike 0-1: Ball 1-1: Fly out, F8 (Flyball, 8LD, EV 103.8 MPH)
|
| Top of the 7th over - 0 runs, 0 hits, 0 errors, 0 left on base; Batavia 3 - Williamsport 4 |
| BOTTOM OF THE 7TH |
|
Williamsport Crosscutters batting - Pitching for Batavia Muckdogs : LHP Brian Worthy
|
|
Batting: RHB Jason Ostrom
|
0-0: Called Strike 0-1: Ball 1-1: Ground out 4-3 (Groundball, 4, EV 84.4 MPH)
|
|
Batting: RHB John Manocchio
|
0-0: Ball 1-0: Called Strike 1-1: Ball 2-1: Foul Ball, location: 2F 2-2: Ball 3-2: Base on Balls
|
|
Batting: RHB John Parra
|
0-0: Ball 1-0: Grounds into double play, 6-4-3 (Groundball, 6MD, EV 92.5 MPH)
|
| Bottom of the 7th over - 0 runs, 0 hits, 0 errors, 0 left on base; Batavia 3 - Williamsport 4 |
| TOP OF THE 8TH |
|
Batavia Muckdogs batting - Pitching for Williamsport Crosscutters : RHP David Deon
|
|
Batting: SHB Greg Rivera
|
0-0: Ball 1-0: Ball 2-0: Called Strike 2-1: Foul Ball, location: 2F 2-2: Ball 3-2: Foul Ball, location: 2F 3-2: Strikes out looking
|
|
Batting: RHB Justin Dunham
|
0-0: Called Strike 0-1: Swinging Strike 0-2: Ball 1-2: Ground out 6-3 (Groundball, 56, EV 108.8 MPH)
|
|
Batting: RHB Reomel Somera
|
0-0: Called Strike 0-1: Foul Ball, location: 2F 0-2: Strikes out looking
|
| Top of the 8th over - 0 runs, 0 hits, 0 errors, 0 left on base; Batavia 3 - Williamsport 4 |
| BOTTOM OF THE 8TH |
|
Williamsport Crosscutters batting - Pitching for Batavia Muckdogs : LHP Brian Worthy
|
|
Batting: SHB Nick Chandler
|
0-0: Ball 1-0: Ball 2-0: Ball 3-0: Base on Balls
|
|
Pitching: LHP Will Sledge
|
|
|
Batting: LHB Chris Moody
|
0-0: Sac Bunt to 2R - play at first, batter OUT! 2-3 Nick Chandler to second
|
|
Batting: SHB Art Kent
|
0-0: Called Strike 0-1: Ball 1-1: Called Strike 1-2: Ball 2-2: Foul Ball, location: 2F 2-2: Foul Ball, location: 2F 2-2: Foul Ball, location: 2F 2-2: Strikes out swinging
|
|
Batting: RHB Shintaro Katsumata
|
0-0: Called Strike 0-1: Ball 1-1: Ball 2-1: Foul Ball, location: 2F 2-2: Strikes out swinging
|
| Bottom of the 8th over - 0 runs, 0 hits, 0 errors, 1 left on base; Batavia 3 - Williamsport 4 |
| TOP OF THE 9TH |
|
Batavia Muckdogs batting - Pitching for Williamsport Crosscutters : RHP David Deon
|
|
Pitching: RHP Lance Brisson
|
|
|
Now at 1B: John Parra
|
|
|
Now at 2B: Leon Edwards
|
|
|
Now at SS: Nick Cottrell
|
|
|
Batting: LHB Danny Treto
|
0-0: Called Strike 0-1: Called Strike 0-2: Ball 1-2: Ball 2-2: SINGLE (Line Drive, 7S, EV 95.6 MPH)
|
|
Batting: RHB Andy Kelly
|
0-0: Ball 1-0: Ball 2-0: SINGLE (Line Drive, 7LM, EV 106.9 MPH) Danny Treto to second
|
|
Batting: RHB Hiromitsu Yamada
|
0-0: Bunt missed! 0-1: Sac Bunt to 13S - play at first, batter OUT! 1-4 Danny Treto to third Andy Kelly to second
|
|
Pinch Hitting: RHB Jim Fisher
|
0-0: Ball 1-0: Foul Ball, location: 2F 1-1: Fly out, F8 (Flyball, 8RD, EV 90.0 MPH) Runner from 3rd tags up, SCORES, throw by CF Andy Kelly to third
|
|
Batting: SHB Justin Corbett
|
0-0: Intentional Walk
|
|
Batting: RHB George Boivin
|
0-0: Ball 1-0: Ball 2-0: Foul Ball, location: 2F 2-1: Ball 3-1: Ground out 4-3 (Groundball, 34, EV 103.1 MPH)
|
| Top of the 9th over - 1 run, 2 hits, 0 errors, 2 left on base; Batavia 4 - Williamsport 4 |
| BOTTOM OF THE 9TH |
|
Williamsport Crosscutters batting - Pitching for Batavia Muckdogs : LHP Will Sledge
|
|
Now at 1B: Jason Thrash
|
|
|
Now at 2B: Justin Dunham
|
|
|
Batting: RHB Micah McErlean
|
0-0: Ball 1-0: Ball 2-0: Called Strike 2-1: Foul Ball, location: 2F 2-2: Ball 3-2: Foul Ball, location: 2F 3-2: Strikes out swinging
|
|
Batting: RHB Xavier Castellanos
|
0-0: Ball 1-0: Foul Ball, location: 2F 1-1: TRIPLE (Line Drive, 89XD, EV 102.5 MPH)
|
|
Batting: RHB Jason Ostrom
|
0-0: Intentional Walk
|
|
Batting: RHB Nick Cottrell
|
0-0: Ball 1-0: Ball Jason Ostrom steals 2nd base (no throw) 2-0: Ball 3-0: Base on Balls
|
|
Batting: RHB John Parra
|
0-0: Ball Wild Pitch! Xavier Castellanos scores
|
| Bottom of the 9th over - 1 run, 1 hit, 0 errors, 2 left on base; Batavia 4 - Williamsport 5 |
|